 Dungeon Crawl Stone Soup version 0.18-a0-731-ga019a5f (webtiles) character file.

43152 Oleczek the Warrior (level 13, -31/201 HPs)
             Began as a Minotaur Berserker on Dec 8, 2015.
             Was a High Priest of Trog.
             Blown up by WhatIsLove's ghost (74 damage)
             ... with an orb of destruction
             ... on level 8 of the Lair of Beasts on Dec 10, 2015.
             The game lasted 02:19:24 (26711 turns).

Oleczek the Warrior (Minotaur Berserker)           Turns: 26711, Time: 02:19:24

Health: -31/201    AC: 19    Str: 32    XL:     13   Next: 89%
Magic:  12/12      EV:  9    Int:  4    God:    Trog [*****.]
Gold:   1173       SH:  0    Dex: 10    Spells: 0 memorised, 12 levels left

rFire  . . .     SeeInvis .     C - +4 battleaxe (chop)
rCold  . . .     Clarity  .     A - +0 plate armour
rNeg   . . .     SustAt   +     (shield currently unavailable)
rPois  .         Gourm    .     (helmet restricted)
rElec  .         Spirit   .     w - +1 cloak
rCorr  .         Dismiss  .     g - +0 pair of gloves
rMut   .         Stasis   .     (no boots)
MR     .....                    (no amulet)
Stlth  ..........               m - ring of sustain attributes
                                (no ring)

@: berserking, drained, very quick, not resistant to hostile enchantments,
extremely unstealthy
A: retaliatory headbutt, horns 2
a: Berserk, Trog's Hand, Brothers in Arms, Burn Spellbooks, Renounce Religion


You were on level 8 of the Lair of Beasts.
You worshipped Trog.
Trog was extremely pleased with you.
You were not hungry.

You visited 2 branches of the dungeon, and saw 20 of its levels.
You also visited: Ossuary.

You collected 1201 gold pieces.
You spent 28 gold pieces at shops.

Inventory:

Hand Weapons
 a - a +1 hand axe
 B - a +2 antimagic broad axe
 C - a +4 battleaxe of chopping (weapon)
 J - a +4 antimagic war axe
 T - a +0 war axe of flaming
Armour
 b - a +0 animal skin
 c - a +0 scale mail
 g - a +0 pair of gloves (worn)
 j - a +0 plate armour
 w - a +1 cloak (worn)
 A - a +0 plate armour (worn)
Jewellery
 m - a ring of sustain attributes (right hand)
 S - an uncursed ring of ice
 V - a +4 ring of evasion {unknown}
Wands
 y - a wand of slowing (25)
Scrolls
 d - a scroll of vulnerability {unknown}
 k - 4 scrolls of recharging
 p - 4 scrolls of magic mapping
 q - 13 scrolls of remove curse
 t - 2 scrolls of fog
 u - 5 scrolls of teleportation
 I - 2 scrolls of identify
 L - 2 scrolls of random uselessness
 R - a scroll of blinking
Potions
 e - 6 potions of brilliance
 f - 3 potions of curing
 i - a potion of agility
 n - 3 potions of lignification
 o - 2 potions of might
 r - 2 potions of cancellation
 v - a potion of invisibility
 z - 4 potions of poison
 D - 4 potions of flight
 E - 3 potions of ambrosia
 Q - a potion of degeneration
 Y - a potion of resistance
Books
 x - a book of the Sky

   Spells                             Type                      Level
   a - Summon Lightning Spire         Summoning/Air                4
   b - Airstrike                      Air                          4
   c - Silence                        Hexes/Air                    5
   d - Deflect Missiles               Charms/Air                   6
   e - Conjure Ball Lightning         Conjuration/Air              6
   f - Tornado                        Air                          9
   Trog disapproves of the use of such an item.
 P - a book of Conjurations

   Spells                             Type                      Level
   a - Magic Dart                     Conjuration                  1
   b - Searing Ray                    Conjuration                  2
   c - Dazzling Spray                 Conjuration/Hexes            3
   d - Fulminant Prism                Conjuration/Hexes            4
   e - Iskenderun's Mystic Blast      Conjuration                  4
   f - Iskenderun's Battlesphere      Conjuration/Charms           5
   Trog disapproves of the use of such an item.
 W - a book of the Warp

   Spells                             Type                      Level
   a - Recall                         Summoning/Translocation      3
   b - Gell's Gravitas                Hexes/Translocation          3
   c - Force Lance                    Conjuration/Translocation    4
   d - Phase Shift                    Translocation                5
   e - Warp Weapon                    Charms/Translocation         5
   f - Summon Forest                  Summoning/Translocation      5
   Trog disapproves of the use of such an item.
Comestibles
 h - 5 meat rations
 l - 23 fruits
 s - 5 bread rations
 H - 3 beef jerkies
 X - 2 royal jellies


   Skills:
 + Level 17.8(17.0) Fighting
 + Level 17.6(16.9) Axes
 - Level 12.3(11.6) Armour
 - Level 2.1(1.6) Dodging


You had 12 spell levels left.
You didn't know any spells.

Dungeon Overview and Level Annotations

Branches:
Dungeon (12/15)            Temple (0/1) D:5            Lair (8/8) D:8
  Swamp (0/4) Lair:3        Snake (0/4) Lair:3          Orc (0/4) D:11
  Slime: Lair:6-8

Altars:
Ashenzari
Cheibriados
Elyvilon
Fedhas
Makhleb
Vehumet
Xom
Zin

Shops:
D:11 ?

Annotations:
D:12 2 exclusions
Lair:8 WhatIsLove's ghost, journeyman DrCj


Innate Abilities, Weirdness & Mutations

You reflexively headbutt those who attack you in melee.
You have a pair of horns on your head.


Message History

The barrage of energy hits you!
You slash the fungus! You headbutt the fungus!
The fungus is severely damaged.
WhatIsLove's ghost points at you and mumbles some strange words.
The magic dart hits you!
The battlesphere fires!
The barrage of energy hits you!
WhatIsLove's ghost breathes negative energy at you.
The bolt of negative energy hits you!
You feel drained.
* * * LOW HITPOINT WARNING * * *
The battlesphere fires!
The barrage of energy hits you!
WhatIsLove's ghost conjures an orb of pure magic.
An orb of destruction comes into view.
A river rat comes into view.
A red film seems to cover your vision as you go berserk!
You feel yourself moving faster!
You feel mighty!
You feel somewhat more hungry.
There are monsters nearby!
You feel a strong urge to attack something.
The orb of destruction hits you!
You die...

...#......††....P.. ####
###.#†.........:...
.P.P##..#....P...P..?..(
............PPP§§.......
.<...........P§.........
........<.....§.W.......
........#....§#.........
..#P.....#.##§.*..(.....
#.P.....P##.@...........
...P...P##...........##
.PP............P#....#
..P............##...##
.PP.........##.# .##


PP.P..P.rPP# ## # ....PP ..PP## You could see a battlesphere, WhatIsLove's ghost
and a river rat.

Vanquished Creatures
  Gastronok (D:8)
  The ghost of 4thArraOfDagon the Grappler, a journeyman HOMo of Cheibriados (Lair:6)
  The ghost of ThermosAquaticus the Severer, a journeyman MiCK of Xom (Lair:3)
  3 hydras
  5 death yaks (Lair:8)
  A griffon (Lair:7)
  7 elephants
  A manticore (D:11)
  5 black mambas
  7 spiny frogs
  2 gargoyles
  2 centaur skeletons (D:7)
  6 komodo dragons
  The ghost of kal9871 the Pioneer, a novice KoAr of Pakellas (D:6)
  2 polar bears
  3 trolls
  Grinder (D:4)
  12 blink frogs
  A boulder beetle (Lair:6)
  4 slime creatures (D:9)
  2 two-headed ogres (D:11)
  Sigmund (D:6)
  2 wyverns
  A deep elf mage (D:10)
  28 wolves
  A shadow (D:9)
  2 spriggans (Lair:2)
  25 yaks
  A hungry ghost (D:11)
  5 basilisks
  9 hippogriffs
  5 insubstantial wisps (Lair:3)
  A mottled dragon (D:12)
  5 sky beasts
  Duvessa (D:4)
  An ice beast (D:5)
  9 water moccasins
  10 porcupines
  A wasp (Lair:4)
  2 black bears (Lair:2)
  4 orc warriors
  8 ogres
  7 centaurs
  A big kobold (D:8)
  18 crocodiles
  3 phantoms
  7 giant frogs
  Blork the orc (D:6)
  A water moccasin zombie (D:7)
  Dowan (D:4)
  3 wyvern skeletons
  A water moccasin skeleton (D:8)
  4 killer bees (D:10)
  An electric eel (Lair:6)
  5 crimson imps
  2 giant frog zombies
  4 orc priests
  Crazy Yiuf (D:7)
  2 giant frog skeletons
  5 hounds
  6 jellies
  9 orc wizards
  9 worker ants
  10 iguanas
  A hound skeleton (D:6)
  A mummy (D:4)
  A worker ant zombie (D:7)
  Robin (D:2)
  4 gnolls (D:4)
  24 adders
  47 river rats
  12 white imps (Lair:1)
  2 adder zombies (D:8)
  2 oozes
  An adder skeleton (D:6)
  A worm (D:3)
  4 giant geckos
  28 orcs
  7 ball pythons (D:3)
  10 giant cockroaches
  14 hobgoblins
  9 quokkas
  13 bats
  A giant gecko skeleton (D:7)
  5 giant newts
  16 goblins
  A goblin zombie (Ossuary)
  13 jackals
  A jackal zombie (D:7)
  15 kobolds
  2 kobold zombies (D:4)
  5 rats
  A rat zombie (Ossuary)
  A bush (Lair:7)
  4 fungi
  2 plants
540 creatures vanquished.

Vanquished Creatures (others)
  7 fungi
  5 plants (Lair:7)
12 creatures vanquished.

Grand Total: 552 creatures vanquished

Notes
Turn   | Place    | Note
--------------------------------------------------------------
     0 | D:1      | Oleczek the Minotaur Berserker began the quest for the Orb.
     0 | D:1      | Reached XP level 1. HP: 19/19 MP: 0/0
   120 | D:1      | Reached skill level 4 in Fighting
   146 | D:1      | Reached XP level 2. HP: 25/27 MP: 1/1
   536 | D:1      | Reached XP level 3. HP: 34/34 MP: 2/2
   543 | D:1      | Reached ** piety under Trog
   919 | D:2      | Reached skill level 5 in Fighting
  1272 | D:2      | Reached XP level 4. HP: 37/42 MP: 3/3
  1695 | D:2      | Noticed Robin
  1702 | D:2      | Reached skill level 5 in Axes
  1711 | D:2      | Killed Robin
  2131 | D:2      | Reached *** piety under Trog
  2276 | D:2      | Reached XP level 5. HP: 45/48 MP: 4/4
  3337 | D:3      | Reached skill level 6 in Fighting
  4101 | D:4      | Found a sand-covered staircase.
  4199 | Ossuary  | Entered an ossuary
  4216 | Ossuary  | HP: 2/51 [hound zombie (1)]
  4538 | D:4      | Reached XP level 6. HP: 56/58 MP: 5/5
  4586 | D:4      | Noticed Grinder
  4604 | D:4      | Killed Grinder
  4604 | D:4      | Reached skill level 7 in Fighting
  4865 | D:4      | Reached XP level 7. HP: 34/66 MP: 6/6
  5456 | D:4      | Noticed Duvessa
  5474 | D:4      | Killed Duvessa
  5475 | D:4      | Noticed Dowan
  5480 | D:4      | Killed Dowan
  5962 | D:4      | Reached skill level 8 in Fighting
  6196 | D:4      | Reached **** piety under Trog
  6891 | D:5      | Entered Level 5 of the Dungeon
  7320 | D:5      | Found a staircase to the Ecumenical Temple.
  7379 | D:5      | Reached XP level 8. HP: 75/75 MP: 7/7
  7531 | D:5      | Reached skill level 9 in Fighting
  7897 | D:6      | Upgraded the game from 0.18-a0-721-g8fc53f4 to 0.18-a0-731-ga019a5f
  7922 | D:6      | Noticed Blork the orc
  7929 | D:6      | Noticed kal9871's ghost (novice KoAr)
  7932 | D:6      | Killed Blork the orc
  7934 | D:6      | Noticed Sigmund
  8357 | D:6      | Found a shimmering altar of Xom.
  8365 | D:6      | Reached skill level 10 in Fighting
  8462 | D:6      | Killed kal9871's ghost
  8462 | D:6      | Reached skill level 10 in Axes
  8500 | D:6      | Killed Sigmund
  8500 | D:6      | Reached XP level 9. HP: 83/86 MP: 8/8
  8585 | D:6      | Found a burning altar of Makhleb.
  8720 | D:7      | Noticed a centaur skeleton
  8736 | D:7      | Killed a centaur skeleton
  8876 | D:7      | Reached skill level 11 in Fighting
  9310 | D:7      | Found a shattered altar of Ashenzari.
  9310 | D:7      | Found a blossoming altar of Fedhas.
  9324 | D:7      | Reached ***** piety under Trog
  9345 | D:7      | Found a snail-covered altar of Cheibriados.
  9345 | D:7      | Found a radiant altar of Vehumet.
  9678 | D:7      | Noticed Crazy Yiuf
  9692 | D:7      | Killed Crazy Yiuf
 10764 | D:8      | Reached skill level 12 in Fighting
 11000 | D:8      | Found a staircase to the Lair.
 11055 | D:8      | Noticed Gastronok
 11082 | D:8      | Killed Gastronok
 11082 | D:8      | Received a gift from Trog
 11082 | D:8      | Reached skill level 13 in Fighting
 11082 | D:8      | Reached XP level 10. HP: 41/101 MP: 9/9
 12553 | D:9      | Reached skill level 14 in Fighting
 12989 | D:9      | Found a shimmering altar of Xom.
 12989 | D:9      | Found a shimmering altar of Xom.
 12990 | D:9      | Found a shimmering altar of Xom.
 12990 | D:9      | Found a shimmering altar of Xom.
 12992 | D:9      | Found a shimmering altar of Xom.
 13012 | D:9      | Reached XP level 11. HP: 110/110 MP: 10/10
 13388 | D:9      | Found a white marble altar of Elyvilon.
 13388 | D:9      | Found a glowing silver altar of Zin.
 13673 | D:10     | Entered Level 10 of the Dungeon
 13881 | D:10     | Found a blossoming altar of Fedhas.
 14198 | D:10     | Received a gift from Trog
 15579 | D:11     | Reached skill level 15 in Fighting
 15886 | D:11     | Found Cusk's Magic Scroll Shop.
 15893 | D:11     | Bought a scroll of identify for 28 gold pieces
 15930 | D:11     | Found a staircase to the Orcish Mines.
 16061 | D:11     | Reached skill level 15 in Axes
 16806 | Lair:1   | Entered Level 1 of the Lair of Beasts
 16857 | Lair:1   | Found a frozen archway.
 18006 | Lair:2   | Reached skill level 16 in Fighting
 18006 | Lair:2   | Reached XP level 12. HP: 96/122 MP: 11/11
 18484 | Lair:2   | Received a gift from Trog
 18498 | Lair:2   | Reached skill level 5 in Armour
 19570 | Lair:3   | Found a staircase to the Snake Pit.
 19657 | Lair:3   | Noticed ThermosAquaticus's ghost (journeyman MiCK)
 19694 | Lair:3   | Killed ThermosAquaticus's ghost
 20056 | Lair:3   | Reached skill level 10 in Armour
 20281 | Lair:3   | Found a staircase to the Swamp.
 21682 | Lair:4   | Received a gift from Trog
 22259 | Lair:5   | Reached XP level 13. HP: 128/128 MP: 12/12
 23462 | Lair:6   | Noticed 4thArraOfDagon's ghost (journeyman HOMo)
 23499 | Lair:6   | Killed 4thArraOfDagon's ghost
 25775 | Lair:7   | Reached skill level 17 in Fighting
 25779 | Lair:7   | Received a gift from Trog
 26386 | Lair:7   | Received a gift from Trog
 26530 | Lair:8   | Entered Level 8 of the Lair of Beasts
 26695 | Lair:8   | Noticed WhatIsLove's ghost (journeyman DrCj)
 26711 | Lair:8   | Blown up by WhatIsLove's ghost

Vault maps used:
D:1:      dpeg_arrival_lava_temple_mockup
D:2:      first_bread, uniq_robin
D:3:      hangedman_decor_growths, minmay_snake_closets
D:4:      nicolae_ossuary_entry_giza, minmay_misc_feat_room, uniq_duvessa,
          uniq_grinder
D:5:      minmay_temple_entry_glassed_door, minmay_misc_feat_five,
          lemuel_old_faithful
D:6:      kennysheep_little_box, basic_altar, uniq_blork_the_orc, uniq_sigmund
D:7:      grunt_temple_overflow_open, the_bakery, uniq_crazy_yiuf_cottage
D:8:      due_lair_maze_entry_diamond, kennysheep_generic_room_11,
          uniq_gastronok
D:9:      xom_shifter_show, gammafunk_temple_overflow_elements,
          serial_co_window_serial, co_window_paths_a,
          co_window_of_opportunity_a, co_window_paths_a, co_window_corner_a,
          co_window_paths_a, co_window_2corner, co_window_unsneaky_path_a,
          co_window_corner_b, co_window_corner_b, co_window_unsneaky_path_d,
          co_window_paths_c, co_window_corner_b, minmay_misc_feat_more_columns,
          hangedman_glass_teeth
D:10:     basic_altar, minmay_misc_feat_roman, grunt_ministairs_14
D:11:     orc_0_dummy, serial_shops, kennysheep_mini
Lair:1:   portal_ice_cave_entry_imps, infiniplex_staircase_pool_2
Lair:2:   forest_entry_grove, lemuel_fruit_tree
Lair:3:   minmay_swamp_entry_wisps, dummy_snake_entry, roderic_lost_polar_bear
Lair:4:   minmay_stone_trees_medium, small_statue_intersection,
          grunt_megastairs_1
Lair:7:   serial_bayou_shore_b
Lair:8:   minmay_lair_end_enchanted_forest, dpeg_slime_entry_enclosed_altar,
          lightli_volcano_entry_magma_tube, lab_entry_generic
Ossuary:  ossuary_minmay_tomb_2a

Action                   |  1- 3 |  4- 6 |  7- 9 | 10-12 | 13-15 || total
-------------------------+-------+-------+-------+-------+-------++-------
Melee: Hand axe          |    74 |   195 |   398 |    17 |       ||   684
       Battleaxe         |       |       |       |   560 |   333 ||   893
Invok: Berserk           |     1 |     4 |     6 |     4 |     3 ||    18
       Burn Spellbooks   |       |       |     1 |       |       ||     1
  Use: Scroll            |     3 |     6 |     7 |    10 |     4 ||    30
       Potion            |       |       |       |       |     4 ||     4
 Stab: Sleeping          |       |     1 |       |       |       ||     1
  Eat: Chunk             |     2 |     3 |     6 |    24 |     7 ||    42
       Bread ration      |       |     3 |     1 |     1 |       ||     5
       Beef jerky        |       |       |     1 |     1 |       ||     2
       Fruit             |       |       |     1 |       |       ||     1
       Meat ration       |       |       |     2 |     2 |     2 ||     6
       Royal jelly       |       |       |     1 |       |       ||     1
       Pizza             |       |       |       |       |     1 ||     1
